 Dungeon Crawl Stone Soup version 0.29-a0-72-g1732ff48e7 (webtiles) character file.

Game seed: 5830472278084815528

61 timneilson the Shield-Bearer (level 4, -1/28 HPs)
             Began as a Gargoyle Fighter on Feb 4, 2022.
             Slain by a goblin (2 damage)
             ... led by Robin
             ... on level 2 of the Dungeon.
             The game lasted 00:01:52 (1557 turns).

timneilson the Shield-Bearer (Gargoyle Fighter)     Turns: 1557, Time: 00:01:52

Health: -1/28      AC: 11    Str: 22    XL:     4   Next: 7%
Magic:  4/4        EV:  9    Int:  8    God:
Gold:   56         SH:  4    Dex:  9    Spells: 3/3 levels left

rFire   . . .      SeeInvis .   a - +1 long sword
rCold   . . .      Faith    .   c - +0 buckler
rNeg    + . .      Spirit   .   b - +0 scale mail
rPois   ∞          Reflect  .   g - +0 helmet
rElec   +          Harm     .   (no cloak)
rCorr   .          Rampage  .   (no gloves)
Will    .....                   (no boots)
Stlth   ..........              (no amulet)
HPRegen 0.09/turn               (no ring)
MPRegen 0.09/turn               (no ring)

@: mighty
A: sickness immunity, AC +3, negative energy resistance 1, electricity
resistance, torment resistance 1, petrification resistance
a: no special abilities


You were on level 2 of the Dungeon.
You visited 1 branch of the dungeon, and saw 2 of its levels.

You collected 56 gold pieces.

Inventory:

Hand Weapons
 a - a +1 long sword (weapon)
Armour
 b - a +0 scale mail (worn)
 c - a +0 buckler (worn)
 g - a +0 helmet (worn)
Scrolls
 f - a scroll of identify {unknown}


   Skills:
 + Level 3.6 Fighting
 * Level 2.4 Long Blades
 * Level 3.7 Armour
 + Level 0.8 Dodging
 * Level 3.9 Shields


You had 3 spell levels left.
You didn't know any spells.
Your spell library contained the following spells:

 Spells                   Type           Power      Damage    Failure   Level
 Sandblast                Erth           0%         2d4       82%         1
 Passwall                 Tmut/Erth      0%         N/A       91%         2
 Dazzling Flash           Conj/Hex       0%         N/A       99%         3
 Ozocubu's Armour         Ice            0%         N/A       99%         3
 Stone Arrow              Conj/Erth      0%         3d7       99%         3
 Iskenderun's Mystic Bla  Conj/Tloc      0%         2d3       100%        4
 Starburst                Conj/Fire      0%         6d3       100%        6
 Ozocubu's Refrigeration  Ice            0%         4d5       100%        7


Dungeon Overview and Level Annotations

Branches:
Dungeon (2/15)

Altars:

Annotations:
D:2 Robin


Innate Abilities, Weirdness & Mutations

You are immune to sickness and miasma.
Your stone body is resilient. (AC +3)
You are immune to poison.
You resist negative energy. (rN+)
You are resistant to electric shocks. (rElec)
You are resistant to unholy torment.
You are immune to petrification.


Message History

Unknown command.
You closely miss the goblin.
The goblin shouts!
Robin says, "My goblins will feast on your bones."
The goblin hits you but does no damage. The goblin hits you with a +0 dagger.
Unknown command.
You hit the goblin.
You kill the goblin!
A goblin comes into view. It is wielding a +0 dagger.
The goblin completely misses you. The goblin hits you but does no damage.
Unknown command.
You barely miss Robin. Robin hits you with a +0 dagger.
* * * LOW HITPOINT WARNING * * *
The goblin hits you with a +0 dagger.
* * * LOW HITPOINT WARNING * * *
Unknown command.
You closely miss the goblin. Robin hits you but does no damage.
The goblin hits you with a +0 dagger.
* * * LOW HITPOINT WARNING * * *
Unknown command.
It was a potion of magic.
Magic courses through your body.
The goblin no longer looks unusually strong. x2
You block Robin's attack. The goblin hits you but does no damage.
You feel very mighty all of a sudden.
The hobgoblin shouts!
Robin roars a battlecry!
The goblins go into a battle-frenzy!
The goblin barely misses you.
You hit Robin.
Robin is moderately wounded.
You block Robin's attack. The goblin hits you with a +0 dagger.
* * * LOW HITPOINT WARNING * * *
Robin laughs in a distinctly smug fashion.
Robin hits you but does no damage.
Unknown command.
You barely miss Robin.
Robin is moderately wounded.
The goblin no longer looks unusually strong.
The goblin hits you with a +0 dagger.
You die...

#.# #.# ##.####.##
.......... ..>....<..
##.####.#. # #........
.# .........
#.#g#######.###.........
....ggg@g.........####..
#.#######.#.###.........
#.#.#........#..
#.#.............
#.#..........#..
#.#..#....##....
#.#.............
######.#........#.#.#
#...............#.#.#


You could see Robin, a hobgoblin and 3 goblins.

Vanquished Creatures
  An adder (D:2)
  A dart slug (D:1)
  5 endoplasms
  3 giant cockroaches (D:1)
  8 goblins
  4 hobgoblins
  6 jackals (D:1)
  3 kobolds
  2 ball pythons
  3 bats
  A frilled lizard (D:1)
  6 rats
43 creatures vanquished.

Notes
Turn   | Place    | Note
-------+----------+-------------------------------------------
     0 | D:1      | timneilson the Gargoyle Fighter began the quest for the
                  | Orb.
     0 | D:1      | Reached XP level 1. HP: 14/14 MP: 1/1
    51 | D:1      | Reached XP level 2. HP: 10/19 MP: 2/2
   568 | D:1      | Reached XP level 3. HP: 13/23 MP: 3/3
  1541 | D:2      | Noticed Robin
  1545 | D:2      | Reached XP level 4. HP: 23/28 MP: 4/4
  1556 | D:2      | HP: 1/28 [goblin[Robin] (2)]
  1557 | D:2      | Slain by a goblin

Illustrated notes

Levels and vault maps discovered:
D:1:      minmay_arrival_shoal_huts, layout_basic, minmay_misc_feat_tiny
D:2:      layout_basic, uniq_robin

Skill      XL: |  1 |
---------------+----+-----
Long Blades    | 2 |  2.4
Fighting       | |  3.6
Armour         | |  3.7
Dodging        | |  0.8
Shields        | |  3.9

Action                   |  1- 3 |  4- 6 || total
-------------------------+-------+-------++-------
Melee: Long sword        |   132 |    11 ||   143
  Use: Scroll            |     2 |       ||     2
       Potion            |       |     2 ||     2
Armor: Scale mail        |    82 |    11 ||    93
Dodge: Dodged            |    78 |     7 ||    85
Block: Buckler           |    32 |     2 ||    34

Table legend: (Time is in decaauts)
 A = Elapsed time spent in this place.
 B = Non-inter-level travel time spent in this place.
 C = Inter-level travel time spent in this place.
 D = Time resting spent in this place.
 E = Time spent auto-exploring this place.
 F = Levels seen in this place.
 G = Mean time per level.
                   A        B        C        D        E       F      G
               +--------+--------+--------+--------+--------+-----+--------+
         Total |   1606 |   1590 |     16 |      0 |   1243 |   2 |  803.0 |
       Dungeon |   1606 |   1590 |     16 |      0 |   1243 |   2 |  803.0 |
               +--------+--------+--------+--------+--------+-----+--------+

Top non-repeatable levels by time:
     D:1: 1187 daAuts
     D:2: 419 daAuts
